 Dungeon Crawl Stone Soup version 0.28-a0-529-g3bad584f25 (webtiles) character file.

Game seed: 9434464735816068329

161 pokedragonboy the Poker (level 5, 0/41 HPs)
             Began as a Merfolk Gladiator on Sept 25, 2021.
             Slain by an orc (2 damage)
             ... on level 3 of the Dungeon.
             The game lasted 00:04:10 (2654 turns).

pokedragonboy the Poker (Merfolk Gladiator)         Turns: 2654, Time: 00:04:10

Health: 0/41       AC:  4    Str: 15    XL:     5   Next: 42%
Magic:  5/5        EV: 14    Int:  7    God:
Gold:   133        SH:  0    Dex: 16    Spells: 4/4 levels left

rFire   . . .      SeeInvis .   a - +0 trident
rCold   . . .      Faith    .   (no shield)
rNeg    . . .      Spirit   .   b - +0 leather armour
rPois   .          Reflect  .   c - +0 helmet
rElec   .          Harm     .   (no cloak)
rCorr   .          Rampage  .   (no gloves)
Will    .....                   (no boots)
Stlth   +.........              (no amulet)
HPRegen 0.13/turn               (no ring)
MPRegen 0.09/turn               (no ring)

@: no status effects
A: (nimble swimmer 2), mertail
a: no special abilities


You were on level 3 of the Dungeon.
You visited 1 branch of the dungeon, and saw 4 of its levels.

You collected 133 gold pieces.

Inventory:

Hand Weapons
 a - a +0 trident (weapon)
Missiles
 d - 2 throwing nets (quivered)
Armour
 b - a +0 leather armour (worn)
 c - a +0 helmet (worn)
Scrolls
 e - a scroll of blinking {unknown}
 h - 2 scrolls of identify {unknown}
 i - a scroll of summoning {unknown}
 k - a scroll of magic mapping {unknown}
 n - 2 scrolls of enchant armour {unknown}
 o - 2 scrolls of amnesia {unknown}
Potions
 f - 2 potions of heal wounds {unknown}
 g - a potion of might {unknown}
 j - 3 potions of curing {unknown}
 l - a potion of resistance {unknown}
 m - a potion of berserk rage {unknown}
 p - 2 potions of cancellation {unknown}
 q - a potion of degeneration {unknown}


   Skills:
 + Level 3.1 Fighting
 * Level 6.1 Polearms
 - Level 2.0 Throwing
 + Level 1.1 Armour
 * Level 5.6 Dodging


You had 4 spell levels left.
You didn't know any spells.
Your spell library contained the following spells:

 Spells                   Type           Power      Damage    Failure   Level
 Animate Skeleton         Necr           0%         N/A       50%         1
 Apportation              Tloc           0%         N/A       50%         1
 Freeze                   Ice            0%         1d3       50%         1
 Summon Small Mammal      Summ           0%         N/A       50%         1
 Frozen Ramparts          Ice            0%         1d2       86%         3
 Tukima's Dance           Hex            0%         N/A       86%         3
 Hailstorm                Conj/Ice       0%         3d3       99%         4
 Passage of Golubria      Tloc           N/A        N/A       99%         4
 Yara's Violent Unravell  Hex/Tmut       0%         3d3       100%        5


Dungeon Overview and Level Annotations

Branches:
Dungeon (4/15)
 Temple: D:4-7

Altars:


Innate Abilities, Weirdness & Mutations

((You are quick and stealthy near water. (Stealth+, EV+, Speed+++)))
Your lower body shifts to a powerful aquatic tail in water.


Message History

Reach: a) +0 trident
Press: ? - help, Dir - move target, f/p - orc
Aim: an orc, wielding a +0 trident of flaming (lightly wounded, about 37% to evade your +0 trident)
The orc is in the way.
You closely miss the orc. The orc closely misses you. The orc misses you.
The orc hits you with a +0 club.
Reach: a) +0 trident
Press: ? - help, Dir - move target, f/p - orc
Aim: an orc, wielding a +0 trident of flaming (about 37% to evade your +0 trident)
The orc is in the way.
You hit the orc.
The orc is heavily wounded.
The orc hits you with a +0 dagger.
The orc hits you from afar with a +0 trident of flaming!
* * * LOW HITPOINT WARNING * * *
The orc burns you.
* * * LOW HITPOINT WARNING * * *
Okay, then.
The orc hits you but does no damage. The orc barely misses you.
The orc hits you with a +0 club.
* * * LOW HITPOINT WARNING * * *
You climb upwards.
There is a stone staircase leading down here.
You hit the orc.
The orc is almost dead.
The orc hits you but does no damage. The orc hits you with a +0 club.
* * * LOW HITPOINT WARNING * * *
You closely miss the orc.
The orc is almost dead.
The orc hits you but does no damage. The orc closely misses you.
You puncture the orc!
You kill the orc!
The orc misses you.
You closely miss the orc.
The orc is moderately wounded.
The orc hits you with a +0 dagger.
* * * LOW HITPOINT WARNING * * *
Unknown command.
You hit the orc but do no damage.
The orc is moderately wounded.
The orc hits you with a +0 dagger.
You die...

###########################
#........................<#
#.#########################
#.# #######.# ........#
........##########
...............)@#
........########o#
........# #.# ........# #.#
#######'### #.# #......#
#.# #......# #.# #......#
#.# #......# #.#


You could see an orc.

Vanquished Creatures
  A scorpion (D:3)
  2 adders (D:3)
  3 dart slugs
  4 orcs
  7 bats
  5 endoplasms
  2 giant cockroaches
  8 goblins
  6 hobgoblins
  9 jackals
  2 quokkas (D:1)
  6 ball pythons
  6 frilled lizards
  4 kobolds
  8 rats
73 creatures vanquished.

Notes
Turn   | Place    | Note
-------+----------+-------------------------------------------
     0 | D:1      | pokedragonboy the Merfolk Gladiator began the quest for the
                  | Orb.
     0 | D:1      | Reached XP level 1. HP: 16/16 MP: 1/1
   119 | D:1      | Reached XP level 2. HP: 20/23 MP: 2/2
   397 | D:1      | Reached skill level 5 in Polearms
   483 | D:1      | Reached XP level 3. HP: 28/28 MP: 3/3
  1475 | D:3      | Reached XP level 4. HP: 33/34 MP: 4/4
  1504 | D:3      | Reached skill level 5 in Dodging
  1916 | D:3      | Noticed a scorpion
  1933 | D:3      | Killed a scorpion
  1934 | D:3      | Reached skill level 1 in Armour
  1934 | D:3      | Reached XP level 5. HP: 30/41 MP: 5/5
  1935 | D:3      | Reached skill level 6 in Polearms
  2650 | D:3      | HP: 2/41 [orc (4)]
  2654 | D:3      | Slain by an orc

Illustrated notes

Levels and vault maps discovered:
D:1:      minmay_arrival_arboretum_small, layout_basic, minmay_tromino_v4_c
D:2:      layout_basic, serial_forest, infiniplex_forest_clump_long,
          infiniplex_forest_lined_room_2, infiniplex_forest_lined_room_,
          infiniplex_forest_lined_ring, infiniplex_forest_lined_1,
          infiniplex_forest_clump_diagonal, infiniplex_forest_lined_room_2,
          infiniplex_forest_lined_1, serial_park_tiny_2
D:3:      layout_basic
D:4:      layout_cave_pools, lemuel_tele_altar, nicolae_ashenzari_skybound,
          minmay_temple_entry_gardened_gates, st_stairs_12, uniq_purgy

Skill      XL: |  1  2  3  4  5 |
---------------+----------------+-----
Polearms       | 5 6 |  6.1
Dodging        | 5 |  5.6
Fighting       | 3 |  3.1
Armour         | 1 |  1.1
Throwing       | |  2.0

Action                   |  1- 3 |  4- 6 || total
-------------------------+-------+-------++-------
Melee: Trident           |   144 |    90 ||   234
Throw: Throwing net      |       |     2 ||     2
 Stab: Sleeping          |     3 |     1 ||     4
       Held in net/web   |       |     1 ||     1
Armor: Leather armour    |    30 |    30 ||    60
Dodge: Dodged            |    83 |    76 ||   159

Table legend: (Time is in decaauts)
 A = Elapsed time spent in this place.
 B = Non-inter-level travel time spent in this place.
 C = Inter-level travel time spent in this place.
 D = Time resting spent in this place.
 E = Time spent auto-exploring this place.
 F = Levels seen in this place.
 G = Mean time per level.
                   A        B        C        D        E       F      G
               +--------+--------+--------+--------+--------+-----+--------+
         Total |   2662 |   2607 |     55 |    335 |   1789 |   4 |  665.5 |
       Dungeon |   2662 |   2607 |     55 |    335 |   1789 |   4 |  665.5 |
               +--------+--------+--------+--------+--------+-----+--------+

Top non-repeatable levels by time:
     D:3: 1157 daAuts
     D:1: 785 daAuts
     D:2: 620 daAuts
     D:4: 98 daAuts
